 Dungeon Crawl Stone Soup version 0.28.0-43-g3370ac3207 (webtiles) character file.

Game seed: 16503108493610657827

8 terff the Sneak (level 2, -1/19 HPs)
             Began as an Octopode Brigand on Mar 20, 2022.
             Slain by a quokka (2 damage)
             ... on level 1 of the Dungeon.
             The game lasted 00:00:31 (414 turns).

terff the Sneak (Octopode Brigand)                   Turns: 414, Time: 00:00:32

Health: -1/19      AC:  1    Str: 10    XL:     2   Next: 8%
Magic:  2/2        EV: 13    Int: 13    God:
Gold:   0          SH:  0    Dex: 13    Spells: 1/1 levels left

rFire   . . .      SeeInvis .   a - +2 dagger
rCold   . . .      Faith    .   (no shield)
rNeg    . . .      Spirit   .   (helmet restricted)
rPois   .          Reflect  .   (no amulet)
rElec   .          Harm     .   (no ring)
rCorr   .          Rampage  .   (no ring)
Will    .....                   (no ring)
Stlth   ++++......              (no ring)
HPRegen 0.06/turn               (no ring)
MPRegen 0.08/turn               (no ring)
                                (no ring)
                                (no ring)

@: no status effects
A: almost no armour, amphibious, 8 rings, camouflage 1, gelatinous body 1,
(nimble swimmer 1), tentacles
a: no special abilities


You were on level 1 of the Dungeon.
You visited 1 branch of the dungeon, and saw 1 of its levels.

Inventory:

Hand Weapons
 a - a +2 dagger (weapon)
Missiles
 b - 8 poisoned darts (quivered)
 c - 2 curare-tipped darts
Scrolls
 d - a scroll of teleportation {unknown}


   Skills:
 + Level 2.0 Fighting
 + Level 2.0 Short Blades
 + Level 2.0 Throwing
 + Level 1.2 Dodging
 + Level 5.9 Stealth


You had one spell level left.
You didn't know any spells.
Your spell library was empty.

Dungeon Overview and Level Annotations

Branches:
Dungeon (1/15)

Altars:


Innate Abilities, Weirdness & Mutations

You cannot wear most types of armour.
You are amphibious.
You can wear up to eight rings at the same time.
Your skin changes colour to match your surroundings (Stealth+).
Your rubbery body absorbs attacks. (AC +1, EV +1)
((You are camouflaged when in or above water. (Stealth+)))
You have tentacles for arms and can constrict up to eight enemies at once.


Message History

A goblin comes into view. It is wielding a +0 dagger.
Found a spear and a chain mail.
An endoplasm comes into view.
A quokka and a ball python come into view.
Found a dagger.
You see here a scroll labelled ZIFFUA XILECK.
d - a scroll labelled ZIFFUA XILECK The ball python hisses angrily.
The endoplasm quivers.
A quokka comes into view.
The endoplasm hits you.
You hit the endoplasm.
The endoplasm is lightly wounded.
You hit the endoplasm.
The endoplasm is moderately wounded.
The endoplasm hits you.
You hit the endoplasm but do no damage. You squeeze the endoplasm.
You kill the endoplasm!
The quokka misses you.
You have reached level 2!
You hit the ball python. Your grab misses the ball python.
The ball python is severely wounded.
The quokka barely misses you. The ball python bites you.
The ball python completely misses you.
You hit the ball python.
You kill the ball python!
The quokka closely misses you. The quokka bites you.
You barely miss the quokka. Your grab misses the quokka. The quokka bites you.
* * * LOW HITPOINT WARNING * * *
The quokka misses you.
You hit the quokka but do no damage. You grab the quokka.
You squeeze the quokka.
The quokka is heavily wounded.
You constrict the quokka. The quokka barely misses you. The quokka bites you.
* * * LOW HITPOINT WARNING * * *
The quokka closely misses you.
You barely miss the quokka.
The quokka is severely wounded.
You constrict the quokka. The quokka bites you.
You die...

...#...<.....'........
...#.........'.........
..##........##..........
..#.........#..♣.♣.♣.♣..
. #.8.#######...........
#...#.................
#####.................
..................
.........r@.......
.#######.r########
######..# ..)......#
.........# #
[#.#.#.#.#.#.#.#
...g............
#.#.#.#.#.#.#.#
.............


You could see 2 quokkas and a goblin (asleep).

Vanquished Creatures
  An endoplasm (D:1)
  A goblin (D:1)
  3 jackals (D:1)
  A ball python (D:1)
  A kobold (D:1)
7 creatures vanquished.

Notes
Turn   | Place    | Note
-------+----------+-------------------------------------------
     0 | D:1      | terff the Octopode Brigand began the quest for the Orb.
     0 | D:1      | Reached XP level 1. HP: 14/14 MP: 1/1
   410 | D:1      | Reached XP level 2. HP: 12/19 MP: 2/2
   414 | D:1      | Slain by a quokka

Illustrated notes

Levels and vault maps discovered:
D:1:      wander_arrival_estate, layout_loops_ring,
          hellmonk_ecumenical_altar_slurped_away, st_stairs_11

Action                   || total
-------------------------++-------
Melee: Dagger            ||    22
       Tentacles         ||     5
       Constrict         ||     4
       Punch             ||     1
Armor: Skin              ||     2
Dodge: Dodged            ||    17
